 Dungeon Crawl Stone Soup version 0.27-a0-1119-gbf574a6a6b (webtiles) character file.

Game seed: 10581966512943035006

3251 OTABOTABOTAB the Basher (level 9, -6/57 HPs)
             Began as a Gargoyle Fighter on May 2, 2021.
             Was a Believer of Okawaru.
             Mangled by an orc knight
             ... wielding a +0 glaive
              (20 damage)
             ... in a bailey.
             The game lasted 00:13:38 (8962 turns).

OTABOTABOTAB the Basher (Gargoyle Fighter)          Turns: 8962, Time: 00:13:39

Health: -6/57      AC: 29    Str: 21    XL:     9   Next: 99%
Magic:  11/12      EV:  9    Int: 10    God:    Okawaru [**....]
Gold:   333        SH: 13    Dex: 10    Spells: 8/8 levels left

rFire    + . .     SeeInvis .   a - +2 flail (protect)
rCold    + . .     Faith    .   f - +1 kite shield {rC+ rF+}
rNeg     + . .     Spirit   .   j - +0 chain mail
rPois    ∞         Reflect  .   (no helmet)
rElec    +         Harm     .   m - +0 cloak
rCorr    +         Rampage  .   u - +1 pair of gloves
Will     .....                  (no boots)
Stlth    ..........             (no amulet)
HPRegen  0.19/turn              X - ring of resist corrosion
MPRegen  0.13/turn              (no ring)

@: mighty, heroic, under a protective aura, attractive
A: AC +6, negative energy resistance 1, electricity resistance, torment
resistance 1, unbreathing 1, petrification resistance
a: Renounce Religion, Heroism


You were in a bailey.
You worshipped Okawaru.
Okawaru was pleased with you.
You visited 2 branches of the dungeon, and saw 8 of its levels.
You also visited: Sewer and Bailey.

You collected 333 gold pieces.

Inventory:

Hand Weapons
 a - a +2 flail of protection (weapon)
   (You took it off an orc on level 3 of the Dungeon)
 g - a +1 broad axe of freezing
   (You took it off an orc in a bailey)
Armour
 d - the +4 steam dragon scales of Dyspraxia {rPois rC+ rN+ Int-3}
   (You took it off an orc in a bailey)

   It affects your intelligence (-3).
   It protects you from cold.
   It protects you from poison.
   It protects you from negative energy.
 f - a +1 kite shield of resistance (worn)
   (You took it off an orc in a bailey)
 j - a +0 chain mail (worn)
   (You found it on level 5 of the Dungeon)
 m - a +0 cloak (worn)
   (You took it off Crazy Yiuf on level 2 of the Dungeon)
 u - a +1 pair of gloves (worn)
   (You found it on level 6 of the Dungeon)
Jewellery
 X - a ring of resist corrosion (left hand)
   (You found it on level 6 of the Dungeon)
Wands
 p - a wand of paralysis (5)
   (You found it on level 4 of the Dungeon)
 q - a wand of flame (20)
   (You found it on level 7 of the Dungeon)
Scrolls
 e - a scroll of torment {!r}
 h - a scroll of brand weapon {unknown}
 i - 2 scrolls of immolation {unknown}
 l - a scroll of enchant armour {unknown}
 o - a scroll of enchant weapon {unknown}
 s - a scroll of teleportation {unknown}
 E - 4 scrolls of fear
 S - a scroll of summoning
Potions
 H - a potion of haste
 J - a potion of curing {@q1}
 N - 3 potions of heal wounds {@q2}
 P - 2 potions of lignification {!q}


   Skills:
 + Level 7.2(12.2) Fighting
 * Level 8.6(13.6) Maces & Flails
 + Level 7.2(12.2) Armour
 + Level 7.1(12.1) Shields
 + Level 4.0 Invocations


You had 8 spell levels left.
You didn't know any spells.
Your spell library contained the following spells:

 Spells                   Type           Power      Damage    Failure   Level
 Magic Dart               Conj           0%         1d3       97%         1
 Summon Small Mammal      Summ           0%         N/A       97%         1
 Call Imp                 Summ           0%         N/A       99%         2
 Searing Ray              Conj           0%         3d3       99%         2
 Call Canine Familiar     Summ           0%         N/A       100%        3
 Dazzling Flash           Conj/Hex       0%         N/A       100%        3
 Summon Guardian Golem    Hex/Summ       0%         N/A       100%        3
 Fulminant Prism          Conj/Hex       0%         3d6       100%        4
 Iskenderun's Mystic Bla  Conj/Tloc      0%         2d3       100%        4
 Summon Ice Beast         Ice/Summ       0%         N/A       100%        4
 Summon Lightning Spire   Summ/Air       0%         N/A       100%        4


Dungeon Overview and Level Annotations

Branches:
Dungeon (7/15)             Temple (1/1) D:5           Sewer (visited)
 Bailey (1/1)

Altars:
Ashenzari
Cheibriados
Dithmenos
Elyvilon
Fedhas
Gozag
Hepliaklqana
Kikubaaqudgha
Makhleb
Nemelex Xobeh
Okawaru
Qazlal
Ru
Sif Muna
Trog
Uskayaw
Vehumet
Wu Jian
Xom
Yredelemnul
Zin
The Shining One


Innate Abilities, Weirdness & Mutations

Your stone body is resilient. (AC +6)
You are immune to poison.
You resist negative energy. (rN+)
You are resistant to electric shocks. (rElec)
You are resistant to unholy torment.
You can survive without breathing.
You are immune to petrification.


Message History

You start resting.
MP restored: 12 You start waiting.
You feel like a meek peon again.
Things that are here:
a +0 halberd; a +0 ring mail You block the orc's attack.
You sock the orc!
Your weapon exudes an aura of protection.
You kill the orc!
Okawaru accepts your kill.
d - the +4 steam dragon scales of Dyspraxia {rPois rC+ rN+ Int-3}
f - a +1 kite shield of resistance You see here a +1 broad axe of freezing.
g - a +1 broad axe of freezing You start putting on your armour.
You continue putting on your +1 pair of gloves. x4
You finish putting on your +1 pair of gloves.
You start removing your armour.
You continue taking off your +0 kite shield. x4
You finish taking off your +0 kite shield.
You start putting on your armour.
You continue putting on your +1 kite shield of resistance. x5
You finish putting on your +1 kite shield of resistance.
You feel resistant to extremes of temperature.
Drop what? 26/52 slots (_ for help) (? for menu, Esc to quit)
You drop a +0 pair of gloves.
You drop a +0 kite shield.
The orc warrior shouts!
Things that are here:
a +0 halberd; a +0 ring mail
Things that are here:
a +0 glaive; a +0 chain mail; an orc corpse
Things that are here:
a +0 spear; a +0 chain mail; an orc corpse The orc knight shouts!
You hear a shout!
The orc knight roars a battlecry!
There is an open door here.
Okay, then.
Unknown command.
The orc knight hits you from afar with a +0 glaive!
You take 11 damage, and have 46/57 hp.
The orc knight roars a battlecry!
The orc knight goes into a battle-frenzy!
There is an open door here.
There are monsters nearby!
There are monsters nearby!
You close the door.
You start resting.
Health restored: 57 You open the door.
The orc knight roars a battlecry!
The orcs go into a battle-frenzy!
You hear a shout!
There is an open door here.
Okay, then.
Really quaff
n - a potion of attraction {!q}?
Really quaff the potion of attraction?
You feel attractive to monsters.
The orc knight roars a battlecry!
The orc knight goes into a battle-frenzy!
The orc knight is pulled toward you!
The orc warrior is pulled toward you! x2
You barely miss the orc knight.
The orc warrior hits you but does no damage.
The orc knight hits you with a +0 glaive!
You take 11 damage, and have 46/57 hp.
You gain the combat prowess of a mighty hero.
The orc warrior hits you with a +0 halberd!!
You take 22 damage, and have 24/57 hp.
MASSIVE DAMAGE!!
You now have 10/12 mp.
You feel very mighty all of a sudden. You block the orc warrior's attack.
The orc knight hits you with a +0 glaive!
* * * LOW HITPOINT WARNING * * *
You take 14 damage, and have 10/57 hp.
MASSIVE DAMAGE!!
You feel much better. You block the orc warrior's attack.
The orc knight hits you with a +0 glaive!
* * * LOW HITPOINT WARNING * * *
You regained 7 hp, and now have 17/57 hp.
You hit the orc knight.
Your weapon exudes an aura of protection.
The orc warrior hits you but does no damage.
You sock the orc knight! You block the orc warrior's attack.
You closely miss the orc knight. You block the orc knight's attack.
The orc is pulled toward you!
You bludgeon the orc knight!!
The orc warrior hits you but does no damage.
The orc knight hits you with a +0 glaive.
* * * LOW HITPOINT WARNING * * *
You take 4 damage, and have 13/57 hp.
You thump the orc knight! You block the orc's attack.
The orc warrior suddenly roars.
You block the orc warrior's attack.
You completely miss the orc knight. You block the orc's attack.
The orc warrior hits you but does no damage.
Your shield and chain mail prevent you from hitting the orc knight.
The orc knight hits you with a +0 glaive!!
You die...

########### ##.........##
##..≈≈≈≈≈≈≈..##
##..≈≈)).).≈≈..##
##########..≈≈..###..≈≈..#####
#..........≈≈..## ##..≈≈......
#.≈≈≈≈≈≈≈≈≈≈..##.∩.##.[≈≈≈≈≈≈≈
#.≈..........##.....##........
#.≈.#########@###'############
#.≈.## #oo§..... # #.≈..##
#.o≈§≈≈≈≈≈ ## #.≈≈..##
#..§≈oo...≈ ##. #∩.≈≈..#
#.§§≈o.⌠∩⌠.. #..
##.≈≈..#+#..§≈...⌠§§§ #..
#.≈≈..##.##..≈§....§≈ ##.
#.≈..##...#'..§≈≈≈§§≈ ##
#.≈.##.....# ...... #.$$$.#


You could see an orc knight (strong), 3 orc warriors and an orc (strong).

Vanquished Creatures
  2 kobold demonologists (D:7)
  A steam dragon (D:7)
  A necrophage (D:4)
  2 orc warriors
  4 ogres
  4 sky beasts
  5 kobold brigands
  2 scorpions
  2 bullfrogs (D:7)
  5 killer bees (D:5)
  A centaur zombie (D:6)
  6 hounds
  A bullfrog zombie (D:6)
  3 jellies
  3 bullfrog skeletons
  Crazy Yiuf (D:2)
  2 iguanas
  2 killer bee zombies
  A hound zombie (D:5)
  A howler monkey zombie (D:5)
  A river rat (Sewer)
  8 adders
  3 gnolls (D:4)
  A white imp (D:7)
  5 worms
  A dart slug (D:2)
  25 orcs
  16 endoplasms
  5 giant cockroaches
  12 goblins
  8 hobgoblins
  14 jackals
  3 quokkas
  12 ball pythons
  6 bats
  2 frilled lizards
  21 kobolds
  10 rats
202 creatures vanquished.

Notes
Turn   | Place    | Note
-------+----------+-------------------------------------------
     0 | D:1      | OTABOTABOTAB the Gargoyle Fighter began the quest for the
                  | Orb.
     0 | D:1      | Reached XP level 1. HP: 14/14 MP: 1/1
   198 | D:1      | Reached XP level 2. HP: 18/19 MP: 2/2
   581 | D:1      | Reached XP level 3. HP: 23/23 MP: 3/3
  1134 | D:1      | Found a faded altar of an unknown god.
  1635 | D:2      | Found an ornate altar of the Wu Jian Council.
  1736 | D:2      | Reached skill level 3 in Maces & Flails
  1786 | D:2      | Reached XP level 4. HP: 27/29 MP: 4/4
  1866 | D:2      | Found a runed translucent door.
  1867 | D:2      | Noticed Crazy Yiuf
  1959 | D:2      | Reached skill level 4 in Fighting
  1959 | D:2      | Reached skill level 4 in Armour
  1959 | D:2      | Reached skill level 4 in Shields
  1959 | D:2      | Reached XP level 5. HP: 32/33 MP: 5/5
  2469 | D:2      | Killed Crazy Yiuf
  3004 | D:3      | Reached skill level 4 in Maces & Flails
  3109 | D:3      | Noticed an ogre
  3133 | D:3      | HP: 7/33 [ogre/+0 giant club (12)]
  3135 | D:3      | Killed an ogre
  3136 | D:3      | Reached XP level 6. HP: 9/39 MP: 6/6
  3431 | D:3      | Noticed a sky beast
  3452 | D:3      | Killed a sky beast
  3785 | D:4      | Noticed a necrophage
  3792 | D:4      | Killed a necrophage
  3793 | D:4      | Reached skill level 5 in Maces & Flails
  3793 | D:4      | Reached XP level 7. HP: 44/44 MP: 7/7
  4017 | D:4      | Reached skill level 5 in Fighting
  4107 | D:4      | HP: 8/44 [ogre/+0 giant club (16)]
  4109 | D:4      | Reached skill level 5 in Armour
  4109 | D:4      | Reached skill level 5 in Shields
  4568 | D:4      | Identified the +2 robe "Vetuipsa" {rPois rC- Str+6}
  4580 | D:4      | Found an ancient bone altar of Kikubaaqudgha.
  4580 | D:4      | Found a burning altar of Makhleb.
  4591 | D:4      | Found a bloodstained altar of Trog.
  4593 | D:4      | Found a shimmering altar of Xom.
  4595 | D:4      | Found a faded altar of an unknown god.
  4803 | D:5      | Entered Level 5 of the Dungeon
  4955 | D:5      | Found a glowing drain.
  4983 | Sewer    | Entered a sewer
  5162 | Sewer    | Reached XP level 8. HP: 46/50 MP: 8/8
  5186 | Sewer    | Reached skill level 6 in Maces & Flails
  6268 | D:5      | Found a staircase to the Ecumenical Temple.
  6274 | Temple   | Entered the Ecumenical Temple
  6395 | Temple   | Became a worshipper of Warmaster Okawaru
  6880 | D:5      | Reached skill level 6 in Fighting
  6946 | D:5      | Reached skill level 6 in Armour
  6946 | D:5      | Reached skill level 6 in Shields
  6946 | D:5      | Reached skill level 1 in Invocations
  7206 | D:5      | Reached skill level 7 in Maces & Flails
  7335 | D:6      | Reached XP level 9. HP: 39/55 MP: 10/10
  7431 | D:6      | Reached * piety under Okawaru
  7432 | D:6      | Reached skill level 2 in Invocations
  8016 | D:7      | Noticed a kobold demonologist
  8023 | D:7      | Noticed a smoke demon
  8033 | D:7      | Killed a kobold demonologist
  8045 | D:7      | Reached skill level 3 in Invocations
  8048 | D:7      | Noticed a kobold demonologist
  8056 | D:7      | Noticed a red devil
  8056 | D:7      | Killed a kobold demonologist
  8056 | D:7      | Reached ** piety under Okawaru
  8057 | D:7      | Reached skill level 8 in Maces & Flails
  8119 | D:7      | Reached skill level 7 in Armour
  8160 | D:7      | Reached skill level 7 in Fighting
  8172 | D:7      | HP: 14/57 [steam dragon] (4)]
  8177 | D:7      | HP: 13/57 [steam dragon] (2)]
  8180 | D:7      | Reached skill level 7 in Shields
  8191 | D:7      | HP: 13/57 [/a scroll of torment (2)]
  8496 | D:7      | Found a flagged portal.
  8508 | Bailey   | Entered a bailey
  8769 | Bailey   | Noticed an orc knight
  8769 | Bailey   | Noticed an orc knight
  8790 | Bailey   | Reached skill level 4 in Invocations
  8852 | Bailey   | Identified the +4 steam dragon scales of Dyspraxia {rPois
                  | rC+ rN+ Int-3}
  8954 | Bailey   | HP: 10/57 [orc knight/+0 glaive (14)]
  8959 | Bailey   | HP: 13/57 [orc knight/+0 glaive (4)]
  8962 | Bailey   | Mangled by an orc knight

Illustrated notes

Levels and vault maps discovered:
D:1:      lightli_arrival_isolated_outpost, layout_basic,
          ebering_ecumenical_altar_mist, minmay_misc_feat_nine_boxes
D:2:      layout_loops_ring, basic_altar, serial_park_tiny_1,
          minmay_misc_feat_enclosed, hangedman_decor_diamond_cutter,
          dk_noncrumbling_4, uniq_crazy_yiuf_cottage
D:3:      minmay_chambers_of_twos, layout_loops_ring, solitary_fountain,
          glass_columns_c, grunt_ministairs_3
D:4:      layout_basic, chequers_temple_overflow_minitemple
D:5:      layout_basic, minmay_temple_entry_enclosed_plants,
          cheibrodos_sewer_entry_sluice
D:6:      layout_cave_pools, eino_small_chamber_without_monster,
          grunt_ministairs_9, corexii_checkpoint_b, hangedman_decor_points
D:7:      layout_rooms, enter_bailey_5
Temple:   dpeg_five_rooms_temple
Bailey:   bailey_polearm_1, bailey

Skill      XL: |  1  2  3  4  5  6  7  8  9 |
---------------+----------------------------+-----
Maces & Flails | 3 4 5 7 8 |  8.6
Fighting       | 4 5 6 7 |  7.2
Armour         | 4 5 6 7 |  7.2
Shields        | 4 5 6 7 |  7.1
Invocations    | 1 4 |  4.0

Action                   |  1- 3 |  4- 6 |  7- 9 || total
-------------------------+-------+-------+-------++-------
Melee: Flail             |   119 |   138 |   547 ||   804
Throw: Stone             |    63 |    32 |       ||    95
Invok: Heroism           |       |       |     6 ||     6
  Use: Potion            |       |     1 |     5 ||     6
       Scroll            |       |       |     9 ||     9
Armor: Scale mail        |    62 |    72 |    35 ||   169
       Chain mail        |       |       |   454 ||   454
Dodge: Dodged            |    49 |    46 |   213 ||   308
Block: Kite shield       |    77 |    63 |   436 ||   576

Table legend: (Time is in decaauts)
 A = Elapsed time spent in this place.
 B = Non-inter-level travel time spent in this place.
 C = Inter-level travel time spent in this place.
 D = Time resting spent in this place.
 E = Time spent auto-exploring this place.
 F = Levels seen in this place.
 G = Mean time per level.
                   A        B        C        D        E       F      G
               +--------+--------+--------+--------+--------+-----+--------+
         Total |   9298 |   9071 |    227 |   1264 |   5862 |  10 |  929.8 |
       Dungeon |   7889 |   7710 |    179 |   1119 |   5132 |   7 | 1127.0 |
        Temple |    292 |    244 |     48 |      0 |    237 |   1 |  292.0 |
         Sewer |    682 |    682 |      0 |      0 |    441 |   1 |  682.0 |
        Bailey |    434 |    434 |      0 |    145 |     52 |   1 |  434.0 |
               +--------+--------+--------+--------+--------+-----+--------+

Top non-repeatable levels by time:
     D:5: 1704 daAuts
     D:1: 1533 daAuts
     D:4: 1191 daAuts
     D:2: 1137 daAuts
     D:3: 1105 daAuts
     D:6: 694 daAuts
   Sewer: 682 daAuts
     D:7: 523 daAuts
  Bailey: 434 daAuts
  Temple: 292 daAuts

Table legend:
 A = Kills in this place as a percentage of kills in entire the game.
 B = Kills by you in this place as a percentage of kills by you in the entire game.
 C = Kills by friends in this place as a percentage of kills by friends in the entire game.
 D = Other kills in this place as a percentage of other kills in the entire game.
 E = Experience gained in this place as a percentage of experience gained in the entire game.
 F = Experience gained in this place divided by the number of levels of this place that you have seen.
                   A       B       C       D       E      F
               +-------+-------+-------+-------+-------+----------------------
         Total | 100.0 | 100.0 |   N/A |   N/A | 100.0 | 464.5
       Dungeon |  86.1 |  86.1 |   N/A |   N/A |  91.1 | 604.3
         Sewer |   8.9 |   8.9 |   N/A |   N/A |   5.6 | 259.0
        Bailey |   5.0 |   5.0 |   N/A |   N/A |   3.4 | 156.0
               +-------+-------+-------+-------+-------+----------------------
